 Dungeon Crawl Stone Soup version 0.27.1-3-gb3d3a73c9e (webtiles) character file.

Game seed: 3971605933755043757

97 DearestLeader the Chopper (level 4, 0/34 HPs)
             Began as a Gnoll Wanderer on Oct 25, 2021.
             Slain by a hobgoblin (4 damage)
             ... led by Robin
             ... on level 2 of the Dungeon.
             The game lasted 00:04:11 (3152 turns).

DearestLeader the Chopper (Gnoll Wanderer)          Turns: 3152, Time: 00:04:12

Health: 0/34       AC:  3    Str: 13    XL:     4   Next: 68%
Magic:  14/14      EV: 10    Int: 10    God:
Gold:   117        SH:  0    Dex: 12    Spells: 5/5 levels left

rFire    . . .     SeeInvis .   c - +0 hand axe
rCold    . . .     Faith    .   (no shield)
rNeg     . . .     Spirit   .   d - +0 ring mail
rPois    .         Reflect  .   q - +1 helmet
rElec    .         Harm     .   (no cloak)
rCorr    +         Rampage  .   (no gloves)
Will     .....                  (no boots)
Stlth    ++........             (no amulet)
HPRegen  0.11/turn              e - ring of resist corrosion
MPRegen  0.14/turn              k - ring of magical power

@: corroded
A: fangs 1, strong nose, distributed training
a: no special abilities


You were on level 2 of the Dungeon.
You visited 1 branch of the dungeon, and saw 3 of its levels.

You collected 117 gold pieces.

Inventory:

Hand Weapons
 a - a +2 dagger
 c - a +0 hand axe (weapon)
Missiles
 f - 20 sling bullets
 h - 6 javelins (quivered)
 n - 12 poisoned darts
Armour
 d - a +0 ring mail (worn)
 q - a +1 helmet (worn)
Jewellery
 e - a ring of resist corrosion (left hand)
 k - a ring of magical power (right hand)
Scrolls
 b - a scroll of fear
 g - a scroll of teleportation
 o - a scroll of vulnerability {unknown}
 p - a scroll of noise {unknown}
Potions
 i - a potion of lignification
 j - a potion of heal wounds {unknown}
 l - a potion of magic {unknown}


   Skills:
 + Level 2.8 Fighting
 + Level 1.2 Short Blades
 + Level 1.2 Long Blades
 + Level 6.6 Axes
 + Level 1.2 Maces & Flails
 + Level 1.2 Polearms
 + Level 1.2 Staves
 + Level 1.2 Slings
 + Level 1.2 Bows
 + Level 1.2 Crossbows
 + Level 2.8 Throwing
 + Level 2.8 Armour
 + Level 1.2 Dodging
 + Level 6.1 Stealth
 + Level 1.2 Shields
 + Level 1.2 Unarmed Combat
 + Level 1.2 Spellcasting
 + Level 1.0 Conjurations
 + Level 1.0 Hexes
 + Level 1.0 Summonings
 + Level 1.0 Necromancy
 + Level 1.0 Translocations
 + Level 1.0 Transmutations
 + Level 1.0 Fire Magic
 + Level 1.0 Ice Magic
 + Level 1.0 Air Magic
 + Level 1.0 Earth Magic
 + Level 1.0 Poison Magic
 + Level 1.3 Invocations
 + Level 2.8 Evocations


You had 5 spell levels left.
You didn't know any spells.
Your spell library was empty.

Dungeon Overview and Level Annotations

Branches:
Dungeon (3/15)

Altars:


Innate Abilities, Weirdness & Mutations

You have very sharp teeth.
Your uncanny sense of smell can sniff out nearby items.
Your experience applies equally to all skills.


Message History

You miss the goblin. You closely miss the hobgoblin.
You barely miss the goblin. The goblin hits you with a +0 club. x3
The hobgoblin barely misses you. The hobgoblin hits you.
The jelly barely misses you.
You barely miss the jelly.
The jelly is moderately wounded.
You barely miss the goblin. You hit the hobgoblin but do no damage.
You closely miss the goblin. You hit the hobgoblin.
You hit the goblin but do no damage. The goblin hits you with a +0 club. x2
* * * LOW HITPOINT WARNING * * *
The goblin hits you but does no damage. The hobgoblin closely misses you.
The hobgoblin hits you but does no damage.
The jelly closely misses you.
You hit the jelly.
Your hands burn!
* * * LOW HITPOINT WARNING * * *
You bite the jelly, but do no damage.
The jelly is heavily wounded.
You hit the goblin.
You kill the goblin!
You barely miss the hobgoblin. You closely miss the goblin.
You closely miss the hobgoblin. You hit the goblin but do no damage.
The goblin hits you but does no damage.
The hobgoblin hits you but does no damage.
The goblin completely misses you. The jelly closely misses you.
The hobgoblin hits you.
* * * LOW HITPOINT WARNING * * *
You hit the jelly.
Your hands burn!
* * * LOW HITPOINT WARNING * * *
The jelly is almost dead.
Your ring mail prevents you from hitting the goblin.
You hit the hobgoblin. You hit the goblin but do no damage.
You closely miss the hobgoblin. The goblin closely misses you. x2
The hobgoblin closely misses you.
You hit the jelly but do no damage.
Your hands burn!
* * * LOW HITPOINT WARNING * * *
The jelly is almost dead.
You closely miss the goblin. You hit the hobgoblin but do no damage.
You hit the goblin. You hit the hobgoblin but do no damage.
The hobgoblin hits you.
You die...

..# #......#
#....#...#...... ..#
##......###.##.##.##.##...
..#
##........##.##..###..#....
###
#...#........###...........
# ###.#.##.....###
######.####) #
###.....##...♣..## ####.#
#. # #...#............#
#....# #.
###.###.#....♣.)gg.###
#.#### #.
....###........)@..#.# #.#
#. #.......###..♣.Jgg.#.#
#.# #. ..####..#
##.......#.###.#### ##. ###
##.## ##..♣..##........#
#.. # #..#
##...##..######.# #.# #
#.## #####...# #.###.# ##<#
######......#### #.##..#
##..####......####)...#
#).#.## ##..###...######
####.####>..#.


You could see a jelly, 2 hobgoblins and 2 goblins.

Vanquished Creatures
  Robin (D:2)
  An adder (D:2)
  A gnoll (D:2)
  4 endoplasms (D:1)
  4 giant cockroaches (D:1)
  12 goblins
  11 hobgoblins
  8 jackals (D:1)
  2 quokkas
  3 ball pythons
  3 bats
  2 frilled lizards (D:2)
  2 kobolds
  3 rats
57 creatures vanquished.

Notes
Turn   | Place    | Note
-------+----------+-------------------------------------------
     0 | D:1      | DearestLeader the Gnoll Wanderer began the quest for the
                  | Orb.
     0 | D:1      | DearestLeader set off with the following items: a +2
                  | dagger, a scroll of fear, a +0 hand axe, a +0 ring mail
     0 | D:1      | Reached XP level 1. HP: 17/17 MP: 1/1
   234 | D:1      | Reached XP level 2. HP: 10/23 MP: 2/2
  1439 | D:1      | Reached XP level 3. HP: 11/28 MP: 3/3
  2120 | D:2      | Reached skill level 1 in Invocations
  2358 | D:2      | Reached skill level 1 in Short Blades
  2358 | D:2      | Reached skill level 1 in Long Blades
  2358 | D:2      | Reached skill level 1 in Maces & Flails
  2358 | D:2      | Reached skill level 1 in Polearms
  2358 | D:2      | Reached skill level 1 in Staves
  2358 | D:2      | Reached skill level 1 in Slings
  2358 | D:2      | Reached skill level 1 in Bows
  2358 | D:2      | Reached skill level 1 in Crossbows
  2358 | D:2      | Reached skill level 1 in Dodging
  2358 | D:2      | Reached skill level 1 in Shields
  2358 | D:2      | Reached skill level 1 in Unarmed Combat
  2358 | D:2      | Reached skill level 1 in Spellcasting
  2595 | D:3      | Noticed Robin
  2603 | D:2      | Reached XP level 4. HP: 23/34 MP: 5/5
  2609 | D:2      | Killed Robin
  2955 | D:2      | Reached skill level 1 in Conjurations
  2955 | D:2      | Reached skill level 1 in Hexes
  2955 | D:2      | Reached skill level 1 in Summonings
  2955 | D:2      | Reached skill level 1 in Necromancy
  2955 | D:2      | Reached skill level 1 in Translocations
  2955 | D:2      | Reached skill level 1 in Transmutations
  2955 | D:2      | Reached skill level 1 in Fire Magic
  2955 | D:2      | Reached skill level 1 in Ice Magic
  2955 | D:2      | Reached skill level 1 in Air Magic
  2955 | D:2      | Reached skill level 1 in Earth Magic
  2955 | D:2      | Reached skill level 1 in Poison Magic
  3152 | D:2      | Slain by a hobgoblin

Illustrated notes

Levels and vault maps discovered:
D:1:      dpeg_arrival_arbitrary_a, layout_basic, nrook_campfire, st_stairs_6,
          minmay_misc_feat_pillars, serial_bayou_crossing
D:2:      cheibrodos_greedy_goblins, layout_rooms, st_stairs_4,
          grunt_ministairs_9
D:3:      layout_rooms, chequers_ecumenical_altar_simple_redux, serial_glass,
          glass_columns_a, glass_columns_b, uniq_robin, uniq_crazy_yiuf_cottage

Skill      XL: |  1  2  3  4 |
---------------+-------------+-----
Stealth        | 6 |  6.1
Invocations    | 1 |  1.3
Short Blades   | 1 |  1.2
Long Blades    | 1 |  1.2
Maces & Flails | 1 |  1.2
Polearms       | 1 |  1.2
Staves         | 1 |  1.2
Slings         | 1 |  1.2
Bows           | 1 |  1.2
Crossbows      | 1 |  1.2
Dodging        | 1 |  1.2
Shields        | 1 |  1.2
Unarmed Combat | 1 |  1.2
Spellcasting   | 1 |  1.2
Conjurations   | 1 |  1.0
Hexes          | 1 |  1.0
Summonings     | 1 |  1.0
Necromancy     | 1 |  1.0
Translocations | 1 |  1.0
Transmutations | 1 |  1.0
Fire Magic     | 1 |  1.0
Ice Magic      | 1 |  1.0
Air Magic      | 1 |  1.0
Earth Magic    | 1 |  1.0
Poison Magic   | 1 |  1.0
Fighting       | |  2.8
Axes           | |  6.6
Throwing       | |  2.8
Armour         | |  2.8
Evocations     | |  2.8

Action                   |  1- 3 |  4- 6 || total
-------------------------+-------+-------++-------
Melee: Dagger            |   108 |       ||   108
       Bite              |    16 |     6 ||    22
       Hand axe          |    61 |    30 ||    91
       Punch             |       |     1 ||     1
  Use: Scroll            |       |     2 ||     2
 Stab: Sleeping          |     5 |       ||     5
       Distracted        |     1 |       ||     1
Armor: Ring mail         |    83 |    28 ||   111
Dodge: Dodged            |    89 |    35 ||   124
